Cogmind - Beta 13 @@@ ROGUE MODE // 2024.04.25 @ 21:46:53 Player: Modulottie Result: Self-destructed Performance ------------- Evolutions (1) 500 Regions Visited (3) 600 Robots Destroyed (16) 80 Value Destroyed (453) 453 Prototype IDs (1) 20 Alien Tech Used (0) 0 Bonus (0) 0 TOTAL SCORE: 1653 Bonus ------- None Cogmind --------- Core Integrity 188/400 Matter 300/300 Energy 280/280 System Corruption 0% Temperature Hot (228) Movement Rolling (100) Location -9/Materials Parts ------- > --- POWER (1) -------- Cooled Ion Engine > --- PROPULSION (2) --- Compact Wheel Compact Wheel > --- UTILITY (4) ------ Small Storage Unit > --- WEAPON (2) ------- Small Laser Beam Rifle > --- INVENTORY (8) ---- Light Nuclear Core Wheel Wheel Compact Wheel VTOL Module Small Laser Mining Claw Peak State ------------ > --- POWER ------------ Cooled Ion Engine > --- PROPULSION ------- Compact Wheel Compact Wheel > --- UTILITY ---------- Small Storage Unit Light Armor Plating > --- WEAPON ----------- Small Laser Beam Rifle > --- INVENTORY -------- Light Nuclear Core Wheel Wheel Compact Wheel VTOL Module Small Laser Mining Claw [Rating: 11] Favorites ----------- Power Ion Engine Engine Ion Engine Power Core Light Nuclear Core Propulsion Compact Wheel Leg Aluminum Leg Wheel Compact Wheel Utility Small Storage Unit Storage Small Storage Unit Protection Light Armor Plating Weapon Small Laser Energy Gun Small Laser Ballistic Gun Light Assault Rifle Build | -11 -10 -10 -9 ------- Run | Yrd Mat Min Mat Slots Evolved 2 | . . . 2 Power . | . . . . Propulsion . | . . . . Utility 2 | . . . 2 Weapon . | . . . . Parts Attached 19 | 6 2 3 8 Power 4 | 1 . 2 1 Engine 3 | 1 . 1 1 Core 1 | . . 1 . Reactor . | . . . . Propulsion 7 | 2 2 . 3 Treads . | . . . . Leg 2 | 2 . . . Wheel 5 | . 2 . 3 Hover . | . . . . Flight . | . . . . Utility 2 | 1 . . 1 Device . | . . . . Storage 1 | 1 . . . Processor . | . . . . Hackware . | . . . . Protection 1 | . . . 1 Artifact . | . . . . Weapon 6 | 2 . 1 3 Energy Gun 4 | 1 . . 3 Energy Cannon . | . . . . Ballistic Gun 2 | 1 . 1 . Ballistic Cannon . | . . . . Launcher . | . . . . Special Weapon . | . . . . Impact Weapon . | . . . . Slashing Weapon . | . . . . Piercing Weapon . | . . . . Special Melee Weapon . | . . . . Unidentified Prototypes 1 | . . . 1 Parts Lost 6 | . . 1 5 Power 1 | . . 1 . Propulsion 2 | . . . 2 Utility 1 | . . . 1 Weapon 2 | . . . 2 Highest Loss Streak 4 | . . 1 4 To Critical Strikes . | . . . . Average Slot Usage (%) 72 | . 85 81 62 Engine 11 | . 14 10 11 Leg 2 | . 8 . . Wheel 20 | . 20 28 18 Storage 12 | . 14 14 11 Protection 1 | . . . 1 Energy Gun 15 | . 14 14 16 Ballistic Gun 8 | . 14 14 3 Naked Turns . | . . . . Heaviest Build 20 | 12 12 12 20 Greatest Support 32 | 20 32 32 32 Greatest Overweight (x) 4 | 1 . . 4 Average Overweight (x) . | . . . . Largest Inventory Capacity 8 | 8 8 8 8 Average Capacity 7 | 6 8 8 8 Most Carried 8 | 6 8 8 8 Average Carried 6 | 3 7 8 6 Final Capacity 8 | 8 8 8 8 Final Carried 8 | 6 8 8 7 Class Distribution -------------------- 100% | Mutant Dominant Class ---------------- Mutant | -10/Materials Mutant | -10/Mines Mutant | -9/Materials Resources | -11 -10 -10 -9 ----------- Run | Yrd Mat Min Mat Matter Collected 421 | 212 76 48 85 Remotely . | . . . . Salvage Created 610 | . 172 142 296 Parts 36 | . 11 8 17 Haulers Intercepted 1 | . 1 . . Recyclers Shooed 1 | . . . 1 Parts Field Recycled . | . . . . Retrieved Matter . | . . . . Parts Self-Destructed . | . . . . Prevented . | . . . . Kills | -11 -10 -10 -9 ------- Run | Yrd Mat Min Mat Combat Hostiles Destroyed 15 | . 3 5 7 Guns 15 | . 3 5 7 Classes Destroyed 4 | . 2 1 1 Hauler 1 | . 1 . . Swarmer 4 | . . 3 1 Grunt 10 | . 3 2 5 Sentry 1 | . . . 1 Best Kill Streak 3 | . 3 3 3 Combat Bots Only 3 | . 2 3 3 Max Kills in Single Turn 1 | . 1 1 1 Gunslinging . | . . . . Exploded . | . . . . Melee . | . . . . Uniques/NPCs Destroyed . | . . . . Combat | -11 -10 -10 -9 -------- Run | Yrd Mat Min Mat Hostile Shots Fired 115 | . 10 25 80 Missed 22 | . 2 4 16 Damage Taken 999 | . 89 249 661 Core 344 | . 21 111 212 Absorbed by Shields . | . . . . Core Remaining (%) 73 | 100 . 47 . Volleys Fired 72 | . 14 15 43 Largest 2 | . 2 2 2 Hottest 96 | . 60 60 96 Shots Fired 119 | . 28 29 62 Gun 119 | . 28 29 62 Cannon . | . . . . Launcher . | . . . . Special . | . . . . Kinetic 47 | . 14 15 18 Thermal 72 | . 14 14 44 Explosive . | . . . . Electromagnetic . | . . . . Robot Hit Streak 19 | . 10 8 19 Robot Miss Streak 6 | . 3 6 4 Penetration Max . | . . . . Secondary Targets 2 | . . 1 1 Max Gunslinging Chain 1 | . . 1 1 Shots Hit Robots 76 | . 19 18 39 Core Hits 36 | . 8 10 18 Critical Kills . | . . . . Critical Parts Destroyed . | . . . . Critical Strikes . | . . . . Melee Attacks . | . . . . Impact . | . . . . Slashing . | . . . . Piercing . | . . . . Sneak Attacks . | . . . . Combat Hostiles . | . . . . Follow-up Attacks . | . . . . Damage Inflicted 792 | . 189 186 417 Guns 792 | . 189 186 417 Cannons . | . . . . Explosions . | . . . . Melee . | . . . . Ramming . | . . . . Kinetic 230 | . 69 66 95 Thermal 562 | . 120 120 322 Explosive . | . . . . Electromagnetic . | . . . . Impact . | . . . . Slashing . | . . . . Piercing . | . . . . Highest Corruption 3 | . 3 3 . Average Corruption 2 | . 1 3 . Corruption Purged . | . . . . Corruption Blocked . | . . . . Effects 3 | . 2 1 . Heat Flow Errors 1 | . 1 . . Data Loss (major) 1 | . 1 . . Weapon Failures 1 | . . 1 . Overload Shots . | . . . . Overflow Damage . | . . . . Projectiles . | . . . . Explosions . | . . . . Melee . | . . . . Knockbacks . | . . . . Impact . | . . . . Kinetic . | . . . . Secondary . | . . . . Self-Inflicted Damage . | . . . . Shots . | . . . . Rammed . | . . . . Targets Rammed . | . . . . Kicked . | . . . . Crushed . | . . . . Highest Temperature 228 | . 70 89 228 Average Temperature 41 | . 22 47 47 Received Heat Transfer 405 | . 48 120 237 Siege Activations . | . . . . Robots Corrupted . | . . . . Combat Hostiles . | . . . . Parts Fried . | . . . . Impact Corruptions . | . . . . Robots Melted . | . . . . Combat Hostiles . | . . . . Parts Melted 4 | . . 2 2 Heat Transferred 1298 | . 275 275 748 Parts Sabotaged . | . . . . Parts Stolen . | . . . . Parts Stripped . | . . . . Power Chain Reactions . | . . . . Alert | -11 -10 -10 -9 ------- Run | Yrd Mat Min Mat Peak Influence 290 | . 176 193 290 Initial 74 | . . 68 74 Average 135 | . 57 152 201 Maximum Alert Level 1 | . . . 1 Low Security (%) 70 | 100 100 100 40 Level 1 29 | . . . 59 Level 2 . | . . . . Level 3 . | . . . . Level 4 . | . . . . Level 5 . | . . . . High Security . | . . . . Max Security . | . . . . Squads Dispatched 4 | . 2 . 2 Investigation 2 | . 1 . 1 Extermination . | . . . . Reinforcement 2 | . 1 . 1 Assault . | . . . . Garrison . | . . . . Intercept . | . . . . Searches Triggered . | . . . . Construction Impeded . | . . . . Haulers Reinforced . | . . . . Active Scanning Responses . | . . . . Cargo Convoy Interrupts . | . . . . Stealth | -11 -10 -10 -9 --------- Run | Yrd Mat Min Mat Distress Signals 2 | . 2 . . Communications Jammed . | . . . . Distress Signals . | . . . . Times Spotted 30 | . 10 4 16 Peak Tracking Total 5 | . 4 2 5 Tactical Retreats 2 | . 1 . 1 Traps | -11 -10 -10 -9 ------- Run | Yrd Mat Min Mat Traps Triggered 3 | . 2 . 1 Indirectly . | . . . . Trap Hack Attempts . | . . . . Triggered . | . . . . Disarmed . | . . . . Reprogrammed . | . . . . Reused . | . . . . Traps Extracted . | . . . . Installed . | . . . . Triggered . | . . . . Machines | -11 -10 -10 -9 ---------- Run | Yrd Mat Min Mat Machines Disabled . | . . . . Max in Single Turn . | . . . . Machines Repaired . | . . . . Machines Dismantled . | . . . . Machines Sabotaged . | . . . . Overloaded Fab Kills . | . . . . Hacking | -11 -10 -10 -9 --------- Run | Yrd Mat Min Mat Machines Accessed 5 | . 2 . 3 Terminals 5 | . 2 . 3 Fabricators . | . . . . Repair Stations . | . . . . Recycling Units . | . . . . Scanalyzers . | . . . . Garrison Access . | . . . . Total Hacks 18 | . 8 . 10 Successful 8 | . 3 . 5 Failed 10 | . 5 . 5 Catastrophic 5 | . 2 . 3 Database Lockouts . | . . . . Manual 18 | . 8 . 10 Terminals 18 | . 8 . 10 Fabricators . | . . . . Repair Stations . | . . . . Recycling Units . | . . . . Scanalyzers . | . . . . Garrison Access . | . . . . Terminal Hacks 4 | . 1 . 3 Branch Access Points 1 | . . . 1 Zone Layout 3 | . 1 . 2 Fabricator Hacks . | . . . . Repair Station Hacks . | . . . . Recycling Unit Hacks . | . . . . Scanalyzer . | . . . . Garrison Access Hacks . | . . . . Unauthorized Hacks 4 | . 2 . 2 Terminals 4 | . 2 . 2 Botnet 4 | . 2 . 2 Fabricators . | . . . . Repair Stations . | . . . . Recycling Units . | . . . . Scanalyzers . | . . . . Garrison Access . | . . . . Data Cores Recovered . | . . . . Used . | . . . . Hacking Detections 5 | . 2 . 3 Full Trace Events 3 | . 2 . 1 Feedback Events . | . . . . Feedback Blocked . | . . . . Robot Schematics Acquired . | . . . . Robots Built . | . . . . Authchips . | . . . . Time . | . . . . Total Robot Build Rating . | . . . . Part Schematics Acquired . | . . . . Parts Built . | . . . . Authchips . | . . . . Time . | . . . . Total Part Build Rating . | . . . . Parts Repaired . | . . . . Time . | . . . . Parts Recycled . | . . . . Recycled Matter . | . . . . Retrieved Matter . | . . . . Retrieved Components . | . . . . Parts Scanalyzed . | . . . . Part Schematics Acquired . | . . . . Parts Damaged . | . . . . Bothacking | -11 -10 -10 -9 ------------ Run | Yrd Mat Min Mat Used RIF Installer . | . . . . Robots Hacked . | . . . . Non-combat . | . . . . Combat . | . . . . Robot Hacks Applied . | . . . . Relay Couplers Released . | . . . . Fabnet Peak Effective % . | . . . . Robots Rewired . | . . . . Allies Hacked . | . . . . Hacks Repelled . | . . . . Allies | -11 -10 -10 -9 -------- Run | Yrd Mat Min Mat Total Allies . | . . . . Largest Group . | . . . . Highest-Rated Group . | . . . . Highest-Rated Ally . | . . . . Total Orders . | . . . . Ally Attacks . | . . . . Total Damage . | . . . . Kills . | . . . . Allies Corrupted . | . . . . Allies Melted . | . . . . Intel | -11 -10 -10 -9 ------- Run | Yrd Mat Min Mat Robot Analysis Total . | . . . . Derelict Logs Recovered . | . . . . Drone Launches . | . . . . Drone Recoveries . | . . . . Exploration | -11 -10 -10 -9 ------------- Run | Yrd Mat Min Mat Turns Passed 696 | 58 210 81 347 Spaces Moved 394 | 37 136 30 191 Core 14 | 9 . . 5 Treads . | . . . . Legs 72 | 28 44 . . Wheels 308 | . 92 30 186 Hover . | . . . . Flight . | . . . . Fastest Speed 50 | 50 100 100 100 Average Speed 105 | 112 106 100 103 Slowest Speed 250 | 120 120 100 250 Overloaded Moves . | . . . . Propulsion Burnouts . | . . . . Robots Hopped . | . . . . Cave-ins Triggered . | . . . . Exploration Rate (%) 17 | 3 29 11 25 Regions Visited 3 Branch Regions 1 Pre-discovered Areas . | . . . . Known Exits Taken . | . . . . Unknown Exits Taken 3 | 1 1 1 . Scrap Searched . | . . . . Spaces Dug . | . . . . Terrain Destroyed . | . . . . Melee . | . . . . Projectile . | . . . . AOE . | . . . . Terrain Rammed . | . . . . Walls Destroyed . | . . . . Machines Disabled . | . . . . Actions | -11 -10 -10 -9 --------- Run | Yrd Mat Min Mat Total 559 | 50 177 53 279 Wait 56 | 2 16 5 33 Move 391 | 36 135 29 191 Hop . | . . . . Pick Up 13 | 6 5 . 2 Fast Attach 13 | 6 2 1 4 Attach 3 | . . . 3 Detach . | . . . . Swap 3 | . . 2 1 Drop 8 | . 5 1 2 Fire 72 | . 14 15 43 Melee . | . . . . Ram . | . . . . Kick . | . . . . Crush . | . . . . Escape Stasis . | . . . . Rewire . | . . . . Trap . | . . . . Miscellaneous . | . . . . Route ------- -11/Scrapyard -10/Materials -10/Mines -9/Materials (discovered 1 exit: Min) History --------- Turn | Location | Event 41 | -11/Scrapyard | Discovered new exit (range 13) 59 | -11/Scrapyard | Entered Materials 244 | -10/Materials | Discovered new exit (range 16) 269 | -10/Materials | Entered Mines 308 | -10/Mines | Build established: Mutant 309 | -10/Mines | Discovered new exit (range 5) 340 | -10/Mines | Core integrity fell below 50% 350 | -10/Mines | Entered Materials 350 | -9/Materials | Evolved 2 slots: Utility x2 495 | -9/Materials | Lost 4 parts (2n2w) 528 | -9/Materials | Identified exit to Mines 692 | -9/Materials | Core integrity fell below 50% 697 | -9/Materials | Self-destructed Last Messages --------------- 00549_ Massive razor-sharp blades shoot up from within the floor. 00549_ Com. Wheel severed. 00552_ Acquired Com. Wheel. 00561_ K-01 Serf collects debris. 00619_ Y-45 Defender destroyed. 00622_ Acquired 10 matter. 00625_ R-06 Scavenger collects Lgt. Treads. 00625_ K-01 Serf collects debris. 00632_ Acquired 10 matter. 00634_ K-01 Serf collects debris. 00634_ Acquired Lgt. Armor Plating. 00636_ Acquired 10 matter. 00639_ K-01 Serf collects debris. 00654_ Acquired VTOL Module. 00691_ Destroyed Lgt. Ion Engine. 00693_ Lgt. Armor Plating destroyed. 00694_ Flight Unit melted. 00694_ S-10 Pest destroyed. 00694_ Switching to secondary target: S-10 Pest. Map ----- +----------------------------------------------------+ | """ """ """ ###########???????????????????? | | """ """ #????????????????????????????? | | #????????????????????????????? | | #????????????????????????????? | | #????????????????????????????? | | #????????????????????????????? | | ########### #????????????????????????????? | | ### #?????????# #????????????????????????????? | | ??# #?????????# #????????????????????????????? | | ??# #?????????# #????????????????????????????? | | ### #?????????# #????????????????????????????? | | # #??????#### #????????????????????????????? | | # #??????+ #????????????????????????????? | | # ??????######+######?????????????????????????? | | ???????????# #?????????????????????????? | | ???????????# """"""" #?????????????????????????? | | ???????????# """"""" #?????????????????????????? | | ???????????# """"""" #?????????????????????????? | | ???????????# """"""" #?????????????????????????? | | ???????????# """"""" #?????????????????????????? | | ???????????# % #?????????????????????????? | | ???????????########+####?????????????????????????? | | ??????????# ###!################+###?????????? | | ????? = / #???????? | | ????? #####+### # #???????? | | ????? # @% ## # #???????? | | ??????##### ## # s"" ## #? #???????? | | ??????????###+##?# #s Y" ## #? #???????? | | ?????????????????# + ""w## #?? #???????? | | ?????????????????# # ## #?? #???????? | | ?????????????????# # [## +??? #???????? | | ?????????????????# ######### #??? ######???????? | | ?????????????????# #???????? ?????#????????????? | | ?????????????????# #???????? ??????????????????? | | ?????????????????# #???????? ??????????????????? | | ?????????????????+ ????????? ??????????????????? | | ?????????????????##+#????????? ??????????????????? | | ?????????????????????????????? ??????????????????? | | ?????????????????????????????? ??????????????????? | | ?????????????????????????????????????????????????? | | ?????????????????????????????????????????????????? | | ?????????????????????????????????????????????????? | | ?????????????????????????????????????????????????? | | ?????????????????????????????????????????????????? | | ?????????????????????????????????????????????????? | | ?????????????????????????????????????????????????? | | ?????????????????????????????????????????????????? | | ?????????????????????????????????????????????????? | | ?????????????????????????????????????????????????? | | ?????????????????????????????????????????????????? | +----------------------------------------------------+ Best States ------------- Heat Dissipation 28 Energy Generation 14 Energy Capacity 280 Matter Stores 300 Matter Capacity 300 Sight Range 16 Terrain Scan Density 10 Armor Coverage 150 Evasion (%) 55 Item Schematics ----------------- None Robot Schematics ------------------ None Fabricated ------------ Nothing Alien Tech Used ----------------- None Achievements -------------- None Challenges ------------ None Game ------ Seed MissileCoreSystem Manual? 0 Play Time 00:11:02 Cumulative 19.7 hours Start 2024.04.25 @ 21:37:39 End 2024.04.25 @ 21:46:53 Sessions 1 Manual Loads 0 Difficulty Rogue Special Mode None Game No. 24 Rogue 24 Adventurer 0 Explorer 0 Win Type - Total 0 Types 0/0/0/0/0/0/0/0/0 Lore% 16 Gallery% 25 Achievement% 23 Wizard Run 0 Options --------- Layout 1 ASCII 0 Keyboard 0 Movement Numpad Keybinds 0 Fullscreen 1 Font 24/Terminus Map View 50x35 Zoom Use 1% Tactical HUD 1 Map Filters NONE Filters NONE Steam 1 RUN: a24c23db-e1a7-4ddb-be95-f6c7b441dd42